molly, chaotic female human Rogue -- ---- -- |. -- ---..| --.--.. --.| |..<.---- |......- ---..| |.......| ....... --....| ---.......-- .....-- |.....| |...|.--...| ....-- |....-|---.-----|...| -...-- -----.)..--...| |...- --- -...--- |..----....)--- --... |..----.....-- --....--.....--- ----- ---.I.--.......---|..^......)....-- |...III..........--..()...........- |....I.I.....---...)..----.........| --..--.....)..||...---- ---.......- ----........--|...---- |........| -.........| |..).|.| --.......- -...|...---- --.....| |........| ....-|..-- ----.-- |....--.-- --..- ---- --- --.--- -- --- --- molly the Cutpurse Experience level: 5 Strength: 14 Dexterity: 18 Constitution: 11 Intelligence: 10 Wisdom: 12 Charisma: 11 Health: 0(34) Energy: 27(27) Def: 7 Gold: 0 Moves: 2082 Dungeon seed: XhWJu4--fwKse3I6 Game ID: molly_1521057012 Your Inventory: Weapons a - an uncursed +0 elven dagger (weapon in hand) b - 8 uncursed +0 daggers (in quiver) l - 7 uncursed +0 daggers K - 3 cursed +0 daggers Armor y - a blessed +0 dwarvish cloak z - an uncursed +0 pair of iron shoes (being worn) D - an uncursed +0 dwarvish cloak (being worn) I - an uncursed +0 dwarvish cloak J - an uncursed +0 pair of iron shoes M - an uncursed +0 dwarvish cloak P - an uncursed +0 dwarvish cloak Y - an uncursed +0 elven mithril-coat (being worn) Comestibles p - an uncursed fortune cookie Wands R - an uncursed wand of magic missile (0:3) Tools k - an uncursed lock pick r - an uncursed sack w - an uncursed oil lamp (0:1390) A - an uncursed magic marker (0:60) B - an uncursed sack F - an uncursed towel H - 4 uncursed tallow candles (0:200) Q - 9 uncursed wax candles (0:400) S - a cursed tallow candle (0:200) Gems e - an uncursed worthless piece of blue glass n - 2 uncursed jasper stones q - an uncursed worthless piece of yellowish brown glass L - an uncursed worthless piece of yellow glass N - an uncursed chrysoberyl stone O - 2 uncursed aquamarine stones Contents of the sack: 104 gold pieces an uncursed +0 short sword an uncursed scroll of confuse monster an uncursed scroll of magic mapping an uncursed potion of paralysis an uncursed potion of sickness a cursed ring of polymorph Spells and supernatural/magical abilities: Name Level Category Fail Memory W - pray for help -- divine ? -- Your skills at the end: Fighting Skills Weapon Skills dagger [Skilled] short sword [Basic] Spellcasting Skills Final Attributes: You were piously aligned. You were blinded. You were stealthy. You are dead. Vanquished creatures: a leprechaun an orc shaman a yellow light a gnome lord a gnomish wizard 5 dwarves a wererat a gas spore a hobbit a large kobold 3 giant rats a brown mold a green mold 17 gnomes a gecko 3 jackals 2 foxes 2 goblins 6 grid bugs 2 lichens a kobold zombie 4 newts 57 creatures vanquished. Voluntary challenges: You were an atheist. You used a wielded weapon 48 times, starting on turn 41. You read items or engraved 1 time, starting on turn 1867. You never genocided any monsters. You never polymorphed an object. You never changed form. You used no wishes. You never split a pudding. You wrote Elbereth's name 1 time, starting on turn 1867. You never violated your personal moral code. Dungeon overview: The Dungeons of Doom: levels 1 to 4 Level 1 a long staircase Level 2 Level 3 a general store, some fountains stairs to The Gnomish Mines Level 4 The Gnomish Mines: levels 4 to 5 Level 4 stairs to The Dungeons of Doom Level 5 <- You were here History has recorded: On T:1 you entered the Dungeons of Doom to retrieve the Amulet of Yendor! On T:81 you reached level 2 of The Dungeons of Doom. On T:640 you reached level 3 of The Dungeons of Doom. On T:643 you advanced to experience level 2. On T:980 you reached level 1 of The Gnomish Mines. On T:997 you advanced to experience level 3. On T:1200 you reached level 4 of The Dungeons of Doom. On T:1463 you advanced to experience level 4. On T:1745 you reached level 2 of The Gnomish Mines. On T:1872 you advanced to experience level 5. Score breakdown: Gold: 104 ( 6875 points) Experience: 5 levels (11141 points) Exploration: 5 levels ( 10.20%) ( 8660 points) Discoveries: 4 items ( 1.34%) ( 3475 points) Valuables value: (no points given unless you survive) Artifact value: 0 ( 0 points) Variety of kills: 22 monsters ( 5.77%) ( 7208 points) Turncount: 2082 turns ( -60 points) Survival: died (score multiplied by 80%) Total score: 29839 Latest messages: There's still a monster there. (2x) You hear a mumbled curse. There's still a monster there. You sense a monster nearby! It bites! It misses. You hear some noises. It misses. It bites! (2x) It misses. It bites! (2x) You sense a monster nearby! It bites! (6x) There's still a monster there. It bites! It misses. It bites! (2x) It misses. It bites! You die... The sack is empty. The sack is empty. Final status: Goodbye molly the Rogue, killed by a giant ant... You died in The Gnomish Mines on dungeon level 5 with 29839 points, and 104 pieces of gold, after 2082 moves. You were level 5 with a maximum of 34 hit points when you died.